Map: Abandoned Camp

Players

Quitness

  • Race: Protoss Protoss
  • Spawn Location: 3:00

Fox

  • Race: Protoss Protoss
  • Spawn Location: 5:00

InFeDiNcE

  • Race: Zerg Zerg
  • Spawn Location: 3:00

RAMBO - Winner!

  • Race: Protoss Protoss
  • League: Gold
  • Spawn Location: 9:00

Metasapien - Winner!

  • Race: Zerg Zerg
  • Spawn Location: 11:00

PapoZegueta - Winner!

  • Race: Protoss Protoss
  • Spawn Location: 7:00

VOD

Have the link to the VOD?

Description

Time

  • Played on: Aug. 20, 2017, 12:32 p.m.
  • Length: 24:11
Show
View Real Time Build Order
Export as new Build Order

Quitness Protoss 

Build Orders:  

Get SALT Encoding   

  12  0:02  Probe (Chrono Boost)  
  13  0:13  Probe (Chrono Boost)  
  14  0:21  Pylon  
  14  0:25  Probe (Chrono Boost)  
  15  0:39  Probe (Chrono Boost)  
  16  0:45  Forge  
  16  0:50  Probe (Chrono Boost)  
  17  1:00  Probe (Chrono Boost)  
  18  1:04  Gateway  
  19  1:11  Probe (Chrono Boost)  
  19  1:15  Pylon  
  19  1:25  Probe (Chrono Boost)  
  20  1:38  Probe (Chrono Boost)  
  21  1:40  Assimilator  
  21  1:49  Probe (Chrono Boost)  
  21  1:51  Assimilator  
  22  1:57  Cybernetics Core  
  22  1:59  Probe (Chrono Boost)  
  23  2:02  Photon Cannon  
  23  2:10  Probe (Chrono Boost)  
  24  2:20  Probe (Chrono Boost)  
  24  2:22  Gateway  
  25  2:28  Zealot  
  27  2:31  Probe (Chrono Boost)  
  27  2:35  Warp Gate (Chrono Boost)  
  28  2:43  Gateway  
  28  2:49  Mothership Core (Chrono Boost)  
  30  3:03  Pylon  
  30  3:07  Probe (Chrono Boost)  
  31  3:20  Pylon  
  31  3:21  Probe (Chrono Boost)  
  31  3:26  Nexus  
  32  3:41  Probe (Chrono Boost)  
  33  4:01  Gateway, Probe (Chrono Boost)  
  34  4:14  Protoss Ground Armor Level 1  
  34  4:16  Probe (Chrono Boost)  
  35  4:18  Twilight Council  
  35  4:29  Pylon  
  35  4:30  Probe  
  29  5:06  Photon Cannon  
  28  5:09  Photon Cannon  
  28  5:11  Probe  
  29  5:18  Blink (Chrono Boost)  
  29  5:23  Probe  
  29  5:25  Probe  
  31  5:33  Photon Cannon  
  31  5:35  Probe x2  
  31  5:36  Pylon  
  31  5:41  Pylon  
  31  5:42  Stalker x3  
  37  5:43  Stalker  
  37  5:48  Probe  
  37  5:49  Probe  
  43  5:58  Mothership Core  
  43  6:01  Probe  
  42  6:14  Photon Cannon  
  42  6:17  Stalker  
  42  6:18  Stalker  
  46  6:41  Stalker  
  46  6:42  Stalker x2  
  46  6:43  Stalker  
  46  6:46  Protoss Ground Weapons Level 1  
  46  6:47  Probe  
  54  6:48  Probe  
  55  7:01  Photon Cannon  
  55  7:06  Photon Cannon  
  55  7:08  Probe  
  55  7:10  Probe  
  57  7:23  Stalker x2  
  57  7:26  Probe  
  57  7:27  Probe  
  63  7:48  Nexus  
  57  8:37  Stalker x3  
  57  8:38  Stalker  
  55  9:24  Stalker  
  55  9:25  Stalker x3  
  55  9:58  Robotics Facility  
  55  10:04  Protoss Ground Weapons Level 2 (Chrono Boost)  
  55  10:08  Stalker  
  55  10:09  Stalker x3  
  63  10:14  Probe  
  63  10:15  Probe  
  63  10:17  Probe  
  66  10:25  Probe  
  66  10:26  Probe  
  68  10:28  Gateway  
  68  10:29  Probe  
  68  10:30  Gateway  
  68  10:32  Gateway  
  69  10:35  Probe  
  69  10:36  Probe  
  69  10:41  Probe  
  72  10:46  Probe  
  72  10:47  Probe  
  74  10:53  Probe  
  74  10:56  Probe  
  75  10:58  Probe  
  75  10:59  Stalker x2  
  75  11:00  Stalker  
  83  11:05  Pylon, Probe  
  83  11:07  Probe  
  83  11:08  Probe  
  86  11:17  Pylon, Probe x2  
  86  11:18  Stalker, Pylon  
  87  11:19  Probe  
  87  11:22  Observer  
  92  11:29  Probe  
  93  11:33  Assimilator  
  93  11:36  Assimilator, Stalker x3  
  93  11:37  Stalker x3  
  105  11:42  Probe  
  105  11:45  Pylon  
  106  11:52  Probe  
  95  12:16  Stalker x2  
  95  12:17  Stalker x3  
  85  13:22  Stalker x5  
  61  14:02  Stalker x4  
  69  14:03  Stalker x2  
  69  14:04  Nexus  
  73  14:30  Zealot x4  
  73  14:31  Zealot x3  
  60  14:58  Charge (Chrono Boost)  
  60  15:07  Stalker x4  
  60  15:08  Stalker x2  
  72  15:15  Stalker  
  74  15:43  Stalker x5  
  74  15:44  Stalker x2  
  88  15:54  Assimilator  
  88  16:04  Assimilator  
  88  16:07  Assimilator  
  88  16:09  Zealot x3  
  88  16:10  Zealot x4  
  100  16:36  Stalker x3  
  100  16:37  Stalker x4  
  114  16:52  Probe  
  114  16:53  Probe  
  115  16:54  Probe  
  117  17:06  Pylon  
  117  17:08  Pylon  
  117  17:14  Probe  
  117  17:15  Probe  
  107  17:44  Stalker x2  
  107  17:45  Stalker x3  
  107  17:46  Stalker x2  
  101  18:37  Stalker  
  101  18:38  Stalker x5  
  101  18:39  Stalker  
  80  19:05  Stalker x2  
  80  19:06  Stalker x5  
  94  19:11  Protoss Ground Armor Level 2  
  38  20:16  Stalker x4  
  38  20:17  Stalker x3  
  45  20:43  Stalker x2  
  45  20:44  Stalker x4  
  36  23:09  Stalker  
  36  23:10  Stalker  
  36  23:11  Stalker  
  36  23:12  Stalker  
  43  23:13  Stalker  
  43  23:46  Stalker  
  43  23:47  Stalker  
  47  23:48  Stalker  
  47  23:49  Stalker  
  47  23:50  Stalker  
Show
View Real Time Build Order
Export as new Build Order

Fox Protoss 

Build Orders:  

Get SALT Encoding   

  12  0:02  Probe (Chrono Boost)  
  13  0:13  Probe (Chrono Boost)  
  14  0:24  Pylon  
  14  0:25  Probe (Chrono Boost)  
  15  0:42  Gateway, Probe (Chrono Boost)  
  16  0:51  Pylon  
  16  0:52  Probe (Chrono Boost)  
  17  1:03  Assimilator, Probe (Chrono Boost)  
  18  1:11  Forge  
  18  1:16  Probe (Chrono Boost)  
  19  1:26  Probe (Chrono Boost)  
  20  1:35  Cybernetics Core  
  20  1:48  Photon Cannon  
  20  1:53  Assimilator, Probe (Chrono Boost)  
  21  2:01  Photon Cannon  
  21  2:06  Probe (Chrono Boost)  
  21  2:07  Pylon  
  22  2:17  Probe (Chrono Boost)  
  23  2:32  Stargate  
  23  2:38  Photon Cannon  
  23  2:48  Mothership Core (Chrono Boost)  
  25  2:55  Stalker  
  27  3:08  Nexus  
  27  3:25  Pylon  
  27  3:31  Void Ray  
  31  3:45  Photon Cannon  
  31  3:58  Probe (Chrono Boost)  
  32  4:08  Probe (Chrono Boost)  
  33  4:11  Protoss Air Weapons Level 1 (Chrono Boost)  
  33  4:14  Stargate  
  33  4:19  Probe x2  
  35  4:29  Probe  
  36  4:31  Probe  
  36  4:33  Void Ray  
  41  4:41  Probe  
  41  4:44  Probe  
  41  4:45  Assimilator  
  43  4:52  Probe  
  43  4:56  Probe  
  45  5:00  Void Ray  
  49  5:14  Probe  
  49  5:17  Photon Cannon  
  50  5:24  Probe  
  50  5:25  Pylon  
  50  5:27  Void Ray  
  55  5:35  Probe  
  55  5:38  Probe  
  57  5:45  Probe  
  57  5:46  Assimilator  
  58  5:56  Probe  
  58  5:57  Photon Cannon  
  58  6:01  Void Ray  
  63  6:07  Probe  
  63  6:11  Probe  
  65  6:16  Void Ray  
  65  6:17  Probe  
  70  6:33  Protoss Shields Level 1  
  70  6:53  Pylon  
  70  6:55  Pylon  
  70  6:58  Pylon  
  70  7:00  Stargate  
  70  7:02  Pylon  
  70  7:10  Probe  
  70  7:11  Void Ray, Probe  
  76  7:20  Probe  
  77  7:23  Probe  
  77  7:26  Void Ray  
  82  7:32  Robotics Facility  
  82  7:47  Protoss Air Armor Level 1 (Chrono Boost)  
  82  7:50  Nexus  
  82  7:55  Pylon  
  82  7:57  Pylon  
  82  8:01  Void Ray  
  86  8:06  Probe  
  86  8:07  Pylon  
  86  8:12  Assimilator  
  87  8:15  Probe  
  87  8:16  Assimilator  
  87  8:17  Probe  
  89  8:22  Photon Cannon  
  89  8:24  Photon Cannon  
  89  8:26  Void Ray x2  
  97  8:27  Probe x2  
  99  8:39  Probe  
  99  8:40  Robotics Bay  
  100  8:51  Photon Cannon  
  100  8:52  Photon Cannon  
  100  8:56  Photon Cannon  
  100  8:58  Pylon  
  100  9:03  Void Ray  
  100  9:05  Observer  
  105  9:13  Void Ray  
  109  9:17  Probe  
  110  9:27  Gravitic Drive, Probe  
  111  9:32  Probe  
  111  9:38  Probe  
  112  9:42  Void Ray  
  112  9:44  Probe  
  118  9:56  Probe  
  119  10:08  Probe  
  120  10:17  Observer  
  120  10:19  Void Ray x2  
  120  10:21  Probe  
  130  10:25  Fleet Beacon  
  130  10:26  Probe  
  130  10:27  Stargate  
  131  10:37  Probe  
  132  10:48  Probe  
  133  10:55  Protoss Air Weapons Level 2 (Chrono Boost)  
  133  10:58  Probe  
  133  11:00  Void Ray  
  138  11:06  Void Ray x2  
  138  11:07  Twilight Council  
  138  11:09  Probe  
  147  11:22  Pylon  
  147  11:24  Pylon  
  147  11:36  Pylon  
  147  11:48  Protoss Shields Level 2 (Chrono Boost)  
  147  11:53  Void Ray, Pylon  
  157  12:08  Observer  
  157  12:15  Carrier  
  157  12:21  Pylon  
  163  12:24  Pylon  
  163  12:29  Observer  
  164  12:44  Carrier  
  164  12:46  Carrier  
  164  12:50  Protoss Air Armor Level 2  
  176  13:11  Void Ray  
  90  13:53  Void Ray  
  90  13:54  Void Ray  
  92  14:09  Void Ray  
  91  14:12  Void Ray, Pylon  
  99  14:35  Mothership Core  
  101  14:41  Void Ray  
  101  14:42  Void Ray  
  109  14:46  Nexus  
  108  14:54  Assimilator  
  108  15:13  Void Ray  
  108  15:14  Void Ray  
  111  15:47  Nexus  
  111  15:51  Void Ray x2  
  119  15:57  Assimilator  
  119  16:24  Void Ray x2  
  127  16:37  Void Ray x2  
  135  16:50  Mothership Core  
  130  18:32  Void Ray x3  
  130  18:33  Void Ray  
  146  18:39  Nexus  
  146  18:47  Protoss Air Weapons Level 3  
  146  19:23  Probe  
  147  19:27  Void Ray  
  151  19:35  Probe  
  152  19:39  Void Ray  
  156  19:47  Probe  
  158  20:00  Probe  
  158  20:12  Probe  
  91  20:42  Void Ray x3  
  79  20:48  Probe  
  88  20:58  Probe  
  80  22:02  Nexus  
  68  23:06  Pylon  
  68  23:07  Pylon  
  68  23:35  Assimilator  
  68  23:37  Assimilator  
  68  23:39  Gateway  
  68  23:41  Gateway x2  
Show
View Real Time Build Order
Export as new Build Order

InFeDiNcE Zerg 

Build Orders: Pool First 

Get SALT Encoding   

  12  0:08  Overlord  
  12  0:15  Drone  
  12  0:19  Drone  
  14  0:27  Drone  
  15  0:37  Drone  
  16  0:45  Spawning Pool  
  15  0:50  Drone  
  15  0:56  Overlord  
  16  1:03  Drone  
  17  1:07  Extractor  
  16  1:14  Drone  
  17  1:29  Hatchery  
  16  1:33  Drone  
  16  1:38  Drone  
  18  1:46  Drone  
  19  1:51  Queen  
  21  1:57  Drone  
  22  2:09  Overlord  
  22  2:21  Zergling x2  
  23  2:30  Zergling x2  
  23  2:31  Metabolic Boost  
  24  2:42  Evolution Chamber  
  23  2:48  Zergling x4  
  25  2:53  Zergling x2  
  25  2:54  Zergling x2  
  27  3:02  Drone  
  28  3:15  Zergling x10  
  33  3:27  Drone x3  
  35  3:30  Extractor  
  35  3:45  Zerg Melee Weapons Level 1  
  35  4:09  Lair  
  35  4:10  Roach Warren  
  35  4:15  Drone x3  
  35  4:16  Drone  
  38  4:24  Drone  
  38  4:25  Drone x5  
  44  4:43  Overlord x4  
  44  4:56  Spore Crawler  
  44  4:57  Spore Crawler  
  42  5:05  Spore Crawler  
  42  5:06  Spore Crawler  
  40  5:07  Drone x3  
  40  5:08  Spore Crawler  
  40  5:10  Drone  
  43  5:17  Roach  
  43  5:19  Roach  
  47  5:30  Glial Reconstitution  
  47  5:39  Zerg Ground Armor Level 1  
  47  5:46  Roach x3  
  47  5:47  Overlord, Roach  
  55  6:01  Roach x2  
  55  6:39  Hydralisk Den  
  54  6:40  Drone x5  
  54  6:41  Drone x4  
  54  6:45  Extractor  
  54  6:46  Extractor  
  61  7:00  Spire  
  60  7:02  Drone x2  
  60  7:03  Drone  
  60  7:04  Overlord  
  63  7:13  Spore Crawler  
  62  7:17  Queen  
  62  7:21  Hydralisk x5  
  74  7:23  Hydralisk  
  76  7:30  Drone x3  
  76  7:31  Drone  
  76  7:33  Zerg Missile Weapons Level 1  
  81  7:37  Drone  
  80  8:01  Hydralisk x5  
  84  8:28  Zergling x10  
  87  8:38  Hydralisk  
  87  8:39  Hatchery  
  88  8:41  Zergling x2  
  74  9:10  Hydralisk x5  
  76  9:23  Zergling x4  
  76  9:24  Zergling x2  
  73  9:35  Zergling x4  
  60  9:47  Hydralisk x2  
  64  10:02  Corruptor x3  
  70  10:13  Corruptor x3  
  76  10:20  Drone x2  
  76  10:21  Drone  
  79  10:56  Infestation Pit  
  78  10:57  Zerg Flyer Weapons Level 1  
  74  11:07  Hydralisk x3  
  74  11:08  Hydralisk x6  
  74  11:09  Hydralisk  
  94  11:14  Overlord x4  
  94  11:15  Overlord  
  94  11:21  Drone x2  
  82  12:07  Hydralisk  
  82  12:08  Hydralisk x3  
  84  12:10  Corruptor  
  84  12:11  Corruptor x3  
  98  12:23  Hydralisk x6  
  98  12:24  Hydralisk x3  
  112  12:51  Corruptor x5  
  115  13:11  Zergling x10  
  115  13:12  Zergling x6  
  69  14:02  Corruptor  
  69  14:03  Corruptor x5  
  63  14:20  Corruptor x2  
Show
View Real Time Build Order
Export as new Build Order

RAMBO Protoss - Winner!

Build Orders: Phoenix Opening 

Get SALT Encoding   

  12  0:03  Probe (Chrono Boost)  
  13  0:20  Pylon, Probe (Chrono Boost)  
  14  0:31  Probe (Chrono Boost)  
  15  0:39  Gateway  
  15  0:41  Probe (Chrono Boost)  
  16  0:53  Assimilator  
  16  0:54  Probe (Chrono Boost)  
  17  0:58  Pylon  
  17  1:04  Assimilator  
  17  1:08  Probe (Chrono Boost)  
  18  1:21  Forge  
  18  1:24  Pylon  
  18  1:28  Probe (Chrono Boost)  
  19  1:39  Pylon  
  19  1:43  Probe (Chrono Boost)  
  20  1:52  Cybernetics Core  
  20  1:57  Probe (Chrono Boost)  
  21  2:08  Probe (Chrono Boost)  
  22  2:18  Photon Cannon  
  22  2:24  Probe (Chrono Boost)  
  23  2:33  Stargate  
  23  2:46  Stargate  
  23  2:51  Probe (Chrono Boost)  
  24  3:05  Photon Cannon  
  24  3:12  Probe (Chrono Boost)  
  25  3:17  Phoenix (Chrono Boost)  
  27  3:22  Probe (Chrono Boost)  
  28  3:31  Phoenix (Chrono Boost)  
  30  3:35  Probe (Chrono Boost)  
  31  3:44  Phoenix (Chrono Boost)  
  31  3:46  Probe  
  34  3:54  Phoenix (Chrono Boost)  
  36  4:03  Protoss Air Weapons Level 1  
  36  4:11  Photon Cannon  
  36  4:29  Mothership Core  
  38  4:35  Pylon  
  37  5:18  Stargate  
  37  5:20  Pylon  
  37  5:23  Nexus  
  37  5:25  Assimilator  
  37  5:31  Assimilator, Pylon  
  37  5:34  Pylon  
  37  5:36  Probe  
  38  5:47  Fleet Beacon  
  38  6:17  Probe  
  39  6:25  Photon Cannon  
  39  6:29  Photon Cannon, Probe  
  40  6:34  Photon Cannon  
  40  6:36  Probe  
  41  6:41  Probe  
  41  6:46  Probe  
  42  6:54  Probe  
  42  7:03  Void Ray (Chrono Boost)  
  42  7:06  Void Ray (Chrono Boost)  
  50  7:20  Probe (Chrono Boost)  
  50  7:21  Probe (Chrono Boost)  
  50  7:32  Probe (Chrono Boost)  
  50  7:33  Probe (Chrono Boost)  
  58  7:43  Probe (Chrono Boost)  
  65  7:53  Carrier (Chrono Boost)  
  71  7:58  Carrier (Chrono Boost)  
  77  8:11  Carrier (Chrono Boost)  
  77  8:17  Pylon  
  77  8:19  Pylon  
  77  8:23  Pylon  
  77  8:39  Photon Cannon  
  76  8:43  Photon Cannon  
  76  8:45  Photon Cannon  
  76  8:47  Pylon  
  76  9:10  Photon Cannon  
  76  9:16  Pylon  
  76  9:20  Graviton Catapult  
  72  10:04  Stargate  
  72  10:06  Stargate  
  72  10:10  Stargate  
  72  10:26  Protoss Air Weapons Level 2 (Chrono Boost)  
  72  10:51  Carrier (Chrono Boost)  
  78  11:36  Nexus  
  78  12:27  Carrier (Chrono Boost)  
  72  13:21  Photon Cannon  
  62  13:51  Mothership Core  
  64  14:13  Carrier (Chrono Boost)  
  58  15:39  Carrier (Chrono Boost)  
  72  15:49  Carrier (Chrono Boost)  
  72  15:50  Carrier (Chrono Boost)  
  72  15:59  Assimilator  
  72  16:01  Assimilator  
  72  16:03  Pylon  
  72  16:10  Forge, Probe  
  72  16:13  Forge  
  72  16:16  Forge  
  73  16:27  Nexus  
  79  17:04  Carrier (Chrono Boost)  
  42  17:59  Carrier (Chrono Boost)  
  16  19:17  Pylon  
  15  20:08  Probe  
  16  20:20  Probe  
  11  22:16  Probe  
Show
View Real Time Build Order
Export as new Build Order

Metasapien Zerg - Winner!

Build Orders: Hatch First 

Get SALT Encoding   

  12  0:05  Drone  
  13  0:13  Overlord  
  13  0:17  Drone  
  14  1:01  Hatchery  
  14  1:02  Extractor  
  12  1:05  Spawning Pool, Drone  
  12  1:07  Drone  
  13  1:15  Drone  
  13  1:18  Drone  
  15  1:27  Drone  
  16  1:38  Drone  
  17  1:51  Drone  
  17  1:53  Queen  
  20  1:58  Extractor  
  20  1:59  Drone  
  20  2:11  Overlord  
  20  2:14  Drone  
  21  2:17  Queen  
  23  2:29  Zergling x2  
  24  2:34  Drone  
  24  2:35  Drone x2  
  27  2:42  Zergling x2  
  28  2:58  Drone  
  28  2:59  Drone  
  28  3:01  Overlord  
  30  3:11  Lair  
  30  3:16  Drone  
  30  3:18  Drone x3  
  34  3:22  Overlord  
  34  3:30  Drone x2  
  34  3:32  Extractor  
  35  3:36  Drone  
  35  3:37  Extractor  
  35  3:38  Drone  
  35  3:39  Drone  
  37  3:44  Drone x2  
  38  3:55  Spine Crawler  
  38  3:59  Spine Crawler  
  36  4:05  Zergling x10  
  36  4:09  Metabolic Boost  
  41  4:24  Drone x3  
  43  4:30  Spine Crawler  
  43  4:31  Drone x2  
  45  4:33  Zergling x6  
  48  4:46  Zergling x8  
  52  4:54  Overseer  
  52  5:12  Spire  
  51  5:16  Hydralisk Den  
  51  5:17  Drone x2  
  51  5:21  Overlord x2  
  52  5:47  Drone  
  52  5:48  Drone x3  
  56  5:55  Hydralisk x4  
  64  6:19  Pneumatized Carapace  
  64  6:23  Hydralisk x2  
  68  6:40  Overlord x3  
  68  6:41  Overlord  
  68  6:50  Hatchery  
  67  7:11  Muscular Augments  
  67  7:15  Evolution Chamber  
  66  7:16  Evolution Chamber  
  65  7:23  Queen  
  65  7:25  Drone x3  
  65  7:26  Overlord x3  
  65  7:27  Overlord x2  
  70  7:41  Queen  
  70  7:43  Hydralisk x3  
  70  7:44  Hydralisk x2  
  82  7:58  Hydralisk x2  
  82  7:59  Hydralisk x3  
  91  8:08  Hydralisk x3  
  73  8:20  Hydralisk x3  
  69  9:00  Hydralisk x4  
  69  9:01  Hydralisk x2  
  59  9:23  Hydralisk x2  
  60  9:25  Drone  
  56  10:00  Hatchery  
  55  10:08  Hatchery  
  54  10:30  Hydralisk x2  
  58  10:48  Hydralisk  
  58  10:49  Hydralisk x5  
  70  11:08  Corruptor  
  72  11:29  Queen  
  72  11:30  Drone  
  75  11:48  Drone  
  75  11:49  Drone x2  
  75  11:51  Drone x2  
  80  12:02  Extractor  
  80  12:05  Corruptor x3  
  80  12:06  Extractor, Corruptor x5  
  94  12:09  Overlord  
  94  12:10  Overlord  
  65  12:45  Hydralisk x9  
  65  12:46  Hydralisk x3  
  71  13:11  Overlord x4  
  71  14:07  Hatchery  
  70  14:21  Spine Crawler  
  69  14:28  Hydralisk x2  
  69  14:29  Hydralisk x6  
  61  14:54  Hydralisk x3  
  67  15:33  Extractor, Hydralisk x3  
  67  15:34  Hydralisk x2  
  76  15:36  Mutalisk  
  78  15:46  Zerg Missile Weapons Level 1  
  78  15:54  Spine Crawler  
  77  16:12  Corruptor x2  
  77  16:13  Corruptor  
  75  16:28  Overlord, Hydralisk x4  
  83  16:39  Spine Crawler  
  82  16:40  Spine Crawler  
  81  17:03  Hydralisk  
  81  17:04  Hydralisk x6  
  43  17:41  Zerg Ground Armor Level 1  
  43  17:55  Corruptor  
  12  19:02  Hatchery  
  11  19:28  Hatchery  
  10  19:32  Drone x2  
  10  19:33  Drone x3  
  10  19:34  Drone  
  16  20:22  Extractor  
  16  20:26  Extractor  
  14  20:45  Drone  
  15  21:02  Drone  
  15  21:03  Drone  
  17  21:16  Drone  
  18  21:21  Hatchery  
  18  21:23  Drone  
  18  21:35  Drone  
  19  21:41  Queen  
  21  21:54  Drone x2  
  23  22:05  Drone x2  
  25  22:19  Spore Crawler  
  24  22:26  Spore Crawler, Drone  
  24  22:31  Drone  
  25  22:38  Drone  
  26  22:57  Hydralisk  
  26  22:58  Hydralisk  
  28  22:59  Hydralisk x2  
  28  23:05  Hydralisk  
  36  23:09  Hydralisk  
  38  23:14  Hydralisk  
  38  23:18  Hydralisk  
  42  23:32  Drone x3  
  42  23:34  Queen  
Show
View Real Time Build Order
Export as new Build Order

PapoZegueta Protoss - Winner!

Build Orders:  

Get SALT Encoding   

  12  0:04  Probe (Chrono Boost)  
  13  0:14  Probe (Chrono Boost)  
  14  0:25  Probe (Chrono Boost)  
  15  1:16  Pylon  
  15  1:28  Nexus  
  15  1:35  Probe (Chrono Boost)  
  15  1:38  Nexus  
  16  1:52  Probe (Chrono Boost)  
  17  1:58  Gateway  
  17  2:02  Assimilator  
  17  2:03  Probe (Chrono Boost)  
  17  2:04  Nexus  
  17  2:07  Assimilator  
  18  2:13  Probe (Chrono Boost)  
  19  2:24  Probe (Chrono Boost)  
  20  2:34  Probe (Chrono Boost)  
  21  2:41  Probe (Chrono Boost)  
  22  2:45  Probe (Chrono Boost)  
  23  2:52  Cybernetics Core, Probe (Chrono Boost)  
  23  2:55  Probe (Chrono Boost)  
  25  3:02  Probe (Chrono Boost)  
  26  3:06  Probe (Chrono Boost)  
  27  3:13  Probe (Chrono Boost)  
  27  3:17  Probe (Chrono Boost)  
  27  3:18  Probe (Chrono Boost)  
  30  3:23  Probe (Chrono Boost)  
  31  3:29  Probe (Chrono Boost)  
  31  3:31  Probe (Chrono Boost)  
  34  3:34  Probe (Chrono Boost)  
  34  3:38  Pylon  
  34  3:39  Probe (Chrono Boost)  
  35  3:44  Stargate  
  35  3:45  Probe (Chrono Boost)  
  35  3:46  Pylon  
  36  3:50  Probe (Chrono Boost)  
  36  3:53  Pylon  
  36  3:55  Probe (Chrono Boost)  
  38  4:00  Probe (Chrono Boost)  
  39  4:04  Forge  
  39  4:06  Probe (Chrono Boost)  
  39  4:07  Mothership Core (Chrono Boost)  
  42  4:13  Probe (Chrono Boost)  
  42  4:16  Probe (Chrono Boost)  
  44  4:23  Probe (Chrono Boost)  
  45  4:27  Probe (Chrono Boost)  
  46  4:34  Pylon, Probe (Chrono Boost)  
  46  4:36  Pylon  
  46  4:37  Probe (Chrono Boost)  
  48  4:43  Photon Cannon  
  48  4:44  Photon Cannon, Probe (Chrono Boost)  
  49  4:46  Photon Cannon x2  
  49  4:48  Pylon, Probe (Chrono Boost)  
  49  4:50  Pylon  
  50  4:55  Probe (Chrono Boost)  
  51  5:00  Photon Cannon  
  51  5:02  Photon Cannon  
  51  5:04  Photon Cannon  
  51  5:09  Probe (Chrono Boost)  
  52  5:20  Probe (Chrono Boost)  
  53  5:23  Fleet Beacon  
  53  5:27  Stargate  
  53  5:30  Probe (Chrono Boost)  
  53  5:34  Cybernetics Core  
  54  5:37  Assimilator x2  
  54  5:41  Probe (Chrono Boost)  
  55  5:43  Void Ray  
  55  5:45  Protoss Air Weapons Level 1  
  59  5:51  Probe (Chrono Boost)  
  59  5:52  Pylon  
  59  5:53  Pylon  
  59  5:55  Pylon  
  59  5:56  Assimilator x2  
  60  6:08  Graviton Catapult  
  66  6:53  Pylon  
  66  6:54  Assimilator  
  66  6:55  Pylon, Assimilator, Protoss Air Armor Level 1  
  66  7:03  Nexus  
  66  7:11  Void Ray (Chrono Boost)  
  66  7:12  Void Ray (Chrono Boost)  
  74  7:36  Stargate  
  74  7:37  Stargate  
  74  7:39  Pylon  
  74  7:45  Photon Cannon  
  74  7:48  Photon Cannon  
  74  7:50  Photon Cannon  
  74  7:54  Pylon  
  74  7:55  Void Ray (Chrono Boost)  
  74  7:56  Void Ray (Chrono Boost)  
  82  8:03  Stargate  
  82  8:08  Stargate  
  82  8:32  Protoss Air Weapons Level 2  
  94  8:39  Carrier (Chrono Boost)  
  94  8:43  Carrier (Chrono Boost)  
  94  8:44  Carrier (Chrono Boost)  
  106  8:58  Protoss Air Armor Level 2  
  106  9:02  Carrier (Chrono Boost)  
  106  9:11  Carrier (Chrono Boost)  
  118  9:41  Carrier (Chrono Boost)  
  111  10:06  Phoenix (Chrono Boost)  
  115  10:09  Phoenix (Chrono Boost)  
  114  10:19  Phoenix (Chrono Boost)  
  116  10:26  Phoenix (Chrono Boost)  
  118  10:33  Nexus  
  118  10:36  Pylon x2  
  118  10:46  Carrier (Chrono Boost)  
  136  10:55  Carrier (Chrono Boost)  
  136  10:56  Carrier (Chrono Boost)  
  138  10:59  Phoenix (Chrono Boost)  
  140  11:05  Phoenix (Chrono Boost)  
  140  11:07  Phoenix (Chrono Boost)  
  142  11:17  Protoss Air Weapons Level 3  
  142  11:19  Protoss Air Armor Level 3  
  142  11:38  Robotics Facility  
  142  11:40  Pylon  
  142  11:42  Pylon x2  
  142  11:43  Pylon  
  142  11:49  Probe  
  143  12:00  Probe  
  145  12:03  Phoenix (Chrono Boost)  
  146  12:10  Probe  
  147  12:21  Probe  
  148  12:29  Void Ray x2 (Chrono Boost)  
  160  12:31  Probe  
  160  12:34  Void Ray (Chrono Boost)  
  165  12:44  Void Ray (Chrono Boost)  
  169  12:52  Void Ray (Chrono Boost)  
  173  12:59  Anion Pulse-Crystals  
  173  13:00  Void Ray (Chrono Boost)  
  75  14:06  Void Ray (Chrono Boost)  
  75  14:07  Void Ray (Chrono Boost)  
  95  14:10  Mothership Core  
  95  14:13  Void Ray (Chrono Boost)  
  95  14:14  Void Ray x2 (Chrono Boost)  
  95  14:15  Void Ray (Chrono Boost)  
  105  14:46  Carrier (Chrono Boost)  
  105  14:48  Carrier (Chrono Boost)  
  123  15:02  Carrier (Chrono Boost)  
  123  15:10  Carrier (Chrono Boost)  
  123  15:20  Nexus  
  127  15:51  Phoenix (Chrono Boost)  
  127  15:52  Phoenix (Chrono Boost)  
  120  16:20  Nexus  
  126  16:25  Carrier (Chrono Boost)  
  126  16:32  Carrier (Chrono Boost)  
  138  16:56  Carrier (Chrono Boost)  
  144  17:22  Carrier (Chrono Boost)  
  150  17:32  Probe  
  150  17:36  Carrier (Chrono Boost)  
  151  17:42  Probe  
  152  17:53  Probe  
  152  17:57  Phoenix (Chrono Boost)  
  157  17:58  Phoenix (Chrono Boost)  
  157  18:03  Phoenix (Chrono Boost), Probe  
  160  18:14  Probe  
  167  18:23  Void Ray (Chrono Boost)  
  171  18:29  Void Ray (Chrono Boost), Carrier (Chrono Boost)  
  175  19:15  Tempest (Chrono Boost)  
  175  19:16  Tempest (Chrono Boost)  
  193  19:22  Tempest (Chrono Boost)  
  116  21:01  Nexus  
  116  21:02  Assimilator  
  124  24:07  Nexus  
  124  24:08  Assimilator  
  124  24:10  Assimilator  
Tags
 
Add a new tag
Caveats
  • Supply blocks, unpowered buildings, or Contaminate may cause inaccurate times.
  • Supply counts are checked every 10 seconds.